 Dungeon Crawl Stone Soup version 0.24.0-13-gcf9b319 (webtiles) character file.

Game seed: 6229532593700856369, levelgen mode: deterministic

52022 Balder the Basher (level 14, -1/122 HPs)
             Began as a Minotaur Gladiator on Nov 11, 2019.
             Was the Champion of Okawaru.
             Slain by a stone giant (13 damage)
             ... on level 1 of the Orcish Mines.
             The game lasted 02:02:09 (23991 turns).

Balder the Basher (Minotaur Gladiator)             Turns: 23991, Time: 02:02:09

Health: -1/122     AC: 26    Str: 21    XL:     14   Next: 25%
Magic:  9/9        EV:  6    Int: 10    God:    Okawaru [******]
Gold:   1057       SH: 18    Dex: 18    Spells: 13/13 levels left

rFire    + . .     SeeInvis .   w - +8 morningstar of Hiloq {antimagic, rN+}
rCold    . . .     Gourm    .   j - +0 large shield
rNeg     + + .     Faith    +   h - +4 plate armour "Mugyf" {rF+ Dex+3}
rPois    .         Spirit   .   X - +3 hat of Pondering {ponderous, MR+ MP+10 Int+5}
rElec    .         Reflect  .   (no cloak)
rCorr    .         Harm     .   Z - +0 pair of gloves
MR       ++...                  H - +0 pair of boots
Stlth    ..........             p - amulet of faith
HPRegen  0.30/turn              o - ring of positive energy
MPRegen  0.11/turn              G - +2 ring of protection

@: about to teleport, grasped by roots, constricted, slow
A: retaliatory headbutt, horns 2
a: Heroism, Finesse, Renounce Religion


You were on level 1 of the Orcish Mines.
You worshipped Okawaru.
Okawaru was exalted by your worship.
You were not hungry.

You visited 4 branches of the dungeon, and saw 20 of its levels.

You collected 1473 gold pieces.
You spent 416 gold pieces at shops.

Inventory:

Hand Weapons
 a - a +6 demon whip of slashing
 b - a +0 hunting sling
 l - a +3 war axe of electrocution
 u - the +9 shortbow of Brutal Revenge {velocity, rPois rC- Int+2 SInv}
   (You found it on level 12 of the Dungeon)

   Any arrow fired from it inflicts extra damage.
   It affects your intelligence (+2).
   It makes you vulnerable to cold.
   It protects you from poison.
   It lets you see invisible.
 w - the +8 morningstar of Hiloq (weapon) {antimagic, rN+}
   (Okawaru gifted it to you on level 9 of the Dungeon)

   It reduces the magical energy of the wielder, and disrupts the spells and
   magical abilities of those hit.
   Natural abilities and divine invocations are not affected.
   It protects you from negative energy.
 C - a +3 morningstar of holy wrath
 M - a +1 trident of venom
 S - the +2 spear "Fogomesu" {freeze, rPois rN+ Dex-2}
   (You found it on level 12 of the Dungeon)

   It has been specially enchanted to freeze those struck by it, causing extra
   injury to most foes and up to half again as much damage against particularly
   susceptible opponents.
   It can also slow down cold-blooded creatures.
   It affects your dexterity (-2).
   It protects you from poison.
   It protects you from negative energy.
Missiles
 g - 191 sling bullets
 T - a silver javelin (quivered)
 U - 7 poisoned darts
 W - 6 curare-tipped darts
Armour
 c - a +0 hat
 h - the +4 plate armour "Mugyf" (worn) {rF+ Dex+3}
   (Okawaru gifted it to you on level 12 of the Dungeon)

   It affects your dexterity (+3).
   It protects you from fire.
 j - a +0 large shield (worn)
 m - +0 acid dragon scales
 F - a scarf of spirit shield
 H - a +0 pair of boots (worn)
 R - a +1 cloak of invisibility
 X - the +3 hat of Pondering (worn) {ponderous, MR+ MP+10 Int+5}
   (You took it off Gastronok on level 2 of the Lair of Beasts)

   It affects your intelligence (+5).
   It affects your resistance to hostile enchantments.
   It affects your magic capacity (+10).
 Z - a +0 pair of gloves (worn)
Jewellery
 o - a ring of positive energy (left hand)
 p - an amulet of faith (around neck)
 s - the amulet "Fejeh" {+Rage rElec Str+2 Int+5}
   (You found it on level 12 of the Dungeon)

   [amulet of rage]

   It affects your strength (+2).
   It affects your intelligence (+5).
   It insulates you from electricity.
   It lets you go berserk.
 E - an uncursed ring of ice
 G - a +2 ring of protection (right hand)
 O - an uncursed ring of poison resistance
Wands
 i - a wand of acid (9)
 k - a wand of digging (7)
 r - a wand of scattershot (2)
 x - a wand of disintegration (5)
 J - a wand of enslavement (7)
 L - a wand of iceblast (1)
 N - a wand of polymorph (11)
 V - a wand of flame (33)
Scrolls
 t - 6 scrolls of teleportation
 y - 4 scrolls of magic mapping
 z - 8 scrolls of identify
 D - a scroll of remove curse
Potions
 d - a potion of might
 e - 5 potions of flight
 n - 7 potions of curing
 q - a potion of mutation {unknown}
 v - 5 potions of haste
 A - 3 potions of agility
 B - 3 potions of berserk rage
 K - 2 potions of resistance
 Y - 2 potions of heal wounds
Miscellaneous
 P - a sack of spiders
Comestibles
 f - 31 rations


   Skills:
 * Level 10.3 Fighting
   Level 3.2(7.0) Short Blades
   Level 10.5(10.8) Long Blades
 - Level 6.7(10.7) Axes
 * Level 12.9(13.5) Maces & Flails
 * Level 7.7(8.0) Slings
 - Level 2.6(5.2) Throwing
 + Level 10.6 Armour
 + Level 9.2 Dodging
 - Level 1.2 Stealth
 + Level 11.0 Shields
 * Level 7.7 Invocations
 + Level 0.7 Evocations


You had 13 spell levels left.
You didn't know any spells.
Your spell library contained the following spells:

 Spells                   Type           Power        Failure   Level  Hunger
 Beastly Appendage        Tmut           #.....       100%        1    ##.....
 Confusing Touch          Hex            #.....       100%        1    ##.....
 Magic Dart               Conj           #...         100%        1    ##.....
 Blink                    Tloc           N/A          100%        2    ###....
 Call Imp                 Summ           #.......     100%        2    ###....
 Corpse Rot               Necr           N/A          100%        2    ###....
 Poisonous Vapours        Pois/Air       #.....       100%        2    ###....
 Slow                     Hex            #.......     100%        2    ###....
 Sticks to Snakes         Tmut           #.......     100%        2    ###....
 Confuse                  Hex            #.......     100%        3    ####...
 Conjure Flame            Conj/Fire      #.......     100%        3    ####...
 Gell's Gravitas          Tloc           #.........   100%        3    ####...
 Mephitic Cloud           Conj/Pois/Air  #.......     100%        3    ####...
 Spider Form              Tmut/Pois      #.........   100%        3    ####...
 Stone Arrow              Conj/Erth      #.....       100%        3    ####...
 Ice Form                 Ice/Tmut       #.......     100%        4    #####..
 Leda's Liquefaction      Hex/Erth       #.........   100%        4    #####..
 Petrify                  Tmut/Erth      #.......     100%        4    #####..
 Blade Hands              Tmut           #.........   100%        5    ######.
 Bolt of Magma            Conj/Fire/Erth #.........   100%        5    ######.
 Metabolic Englaciation   Hex/Ice        #.........   100%        5    ######.
 Summon Forest            Summ/Tloc      #.........   100%        5    ######.
 Yara's Violent Unravell  Hex/Tmut       #.........   100%        5    ######.
 Freezing Cloud           Conj/Ice/Air   #.........   100%        6    #######
 Hydra Form               Tmut           #.........   100%        6    #######
 Iron Shot                Conj/Erth      #.........   100%        6    #######
 Statue Form              Tmut/Erth      #........    100%        6    #######
 Ring of Flames           Chrm/Fire      #.........   100%        7    #######
 Summon Hydra             Summ           #.........   100%        7    #######
 Shatter                  Erth           #.........   100%        9    #######


Dungeon Overview and Level Annotations

Branches:
Dungeon (12/15)            Temple (1/1) D:4            Lair (6/6) D:10
 Shoals (0/4) Lair:3       Spider (0/4) Lair:3        Slime (0/5) Lair:5
    Orc (1/2) D:10

Altars:
Ashenzari
Cheibriados
Dithmenos
Elyvilon
Fedhas
Gozag
Hepliaklqana
Kikubaaqudgha
Makhleb
Nemelex Xobeh
Okawaru
Qazlal
Ru
Sif Muna
Trog
Uskayaw
Vehumet
Wu Jian
Xom
Yredelemnul
Zin
The Shining One
Jiyva

Shops:
D:4 ?   D:6 ?   D:10 [*(*

Portals:
Hell: Lair:6

Annotations:
Lair:1 exclusion: oklob plant
Lair:6 1 runed translucent door, howech's ghost, journeyman DDFi
Orc:1 Jorgrun


Innate Abilities, Weirdness & Mutations

You reflexively headbutt those who attack you in melee.
You have a pair of horns on your head.


Message History

An orc comes into view. It is wielding a +0 hand axe.
The orc barely misses you. Jorgrun gestures at you while chanting.
Roots burst forth from the earth!
The grasping roots grab you! The grasping roots constrict you.
The stone giant hits you!!
* * * LOW HITPOINT WARNING * * *
The orc completely misses you.
The orc throws a boomerang of dispersal.
The boomerang of dispersal hits you but does no damage.
The orc hits you but does no damage. Jorgrun hits you but does no damage.
* * * LOW HITPOINT WARNING * * *
The grasping roots constrict you! The stone giant hits you!
* * * LOW HITPOINT WARNING * * *
You turn to flesh and can move again.
As you read the scroll of teleportation, it crumbles to dust.
You feel strangely unstable. The orc hits you but does no damage.
You block the orc warrior's attack. You block the orc's attack.
The stone giant hits you!
You die...

....(. ..#(..(
..o... .#.....
..o..$# §§)..#.
....o.. .......
..#.o.( .§.....
....... .§§....
.....§o#o§.....
.....§o@g§.C..(
##...§§§C§.....
#....#§§§§.....
##.. #..§..$...
#. ..........
#. .........#.
. ....$.....#
.......#..##


You could see Jorgrun, a stone giant, an orc warrior and 6 orcs.

Vanquished Creatures
  Gastronok (Lair:2)
  2 dire elephants
  Fannar (D:12)
  6 hydras
  A death yak (Lair:6)
  A two-headed ogre (D:12)
  Sonja (Lair:2)
  A sixfirhy (Lair:6)
  A wizard (Lair:6)
  An oklob plant (D:10)
  A manticore (D:12)
  19 elephants
  A cyclops (D:12)
  3 black mambas
  A centaur zombie (D:12)
  3 orange demons (Lair:6)
  A gargoyle (D:10)
  6 spiny frogs
  4 rime drakes
  8 komodo dragons
  A hellwing (Lair:6)
  2 red devils (Lair:6)
  3 trolls
  A polar bear (Lair:5)
  A hornet (D:8)
  Grinder (D:3)
  15 blink frogs
  A snapping turtle (Lair:3)
  5 hippogriffs
  10 dream sheep
  A centaur simulacrum (D:12)
  3 redbacks (Lair:3)
  A spriggan (Lair:5)
  2 wyverns
  38 yaks
  A vampire (D:12)
  2 basilisks
  A hungry ghost (D:9)
  An acid dragon (D:12)
  4 hell hounds (Lair:6)
  6 porcupines
  5 water moccasins
  3 soldier ants
  A black bear (D:11)
  A swamp drake (D:10)
  4 orc warriors
  3 phantoms
  11 ice beasts
  2 sky beasts (D:10)
  An eye of draining (D:11)
  10 centaurs
  10 crocodiles
  15 wolves
  8 ogres
  15 bullfrogs
  A gnoll sergeant (D:7)
  A wyvern zombie (D:8)
  A scorpion (D:8)
  10 killer bees
  3 wights (D:6)
  A vampire bat (Lair:6)
  7 howler monkeys
  6 crimson imps
  2 jellies
  A quasit (D:12)
  7 hounds
  4 bullfrog skeletons
  11 orc priests
  Ijyb (D:3)
  A centaur skeleton (D:6)
  Jessica (D:3)
  2 iguanas
  4 hell rats (Lair:1)
  16 orc wizards
  10 worker ants
  A killer bee zombie (D:5)
  A worker ant zombie (D:5)
  5 gnolls (D:7)
  14 adders
  3 river rats (Lair:1)
  A shadow imp (D:12)
  An ooze (D:3)
  An adder zombie (D:6)
  2 adder skeletons
  4 worms
  2 dart slugs (D:3)
  7 leopard geckos
  61 orcs
  2 ball pythons
  16 bats
  4 giant cockroaches
  8 goblins
  7 hobgoblins
  11 jackals
  6 quokkas
  2 frilled lizards
  13 kobolds
  A leopard gecko skeleton (D:5)
  A quokka skeleton (D:4)
  15 rats
  2 fungi
  A plant (D:10)
534 creatures vanquished.

Vanquished Creatures (others)
  An unseen horror (D:12)
  An orc priest (D:7)
  A hobgoblin (D:3)
  7 fungi
  5 plants
  2 withered plants (Lair:6)
17 creatures vanquished.

Grand Total: 551 creatures vanquished

Notes
Turn   | Place    | Note
-------+----------+-------------------------------------------
     0 | D:1      | Balder the Minotaur Gladiator began the quest for the Orb.
     0 | D:1      | Reached XP level 1. HP: 18/18 MP: 0/0
    11 | D:1      | You fall into a shaft and drop 1 floor!
    11 | D:2      | Found a stormy altar of Qazlal.
   249 | D:1      | Reached XP level 2. HP: 25/25 MP: 1/1
   555 | D:1      | Reached XP level 3. HP: 20/30 MP: 2/2
   788 | D:1      | Reached skill level 1 in Armour
  1700 | D:3      | Noticed Grinder
  1716 | D:3      | Killed Grinder
  1716 | D:3      | Reached skill level 5 in Long Blades
  1716 | D:3      | Reached skill level 1 in Slings
  1716 | D:3      | Reached XP level 4. HP: 19/38 MP: 3/3
  1716 | D:3      | Reached XP level 5. HP: 22/45 MP: 4/4
  2249 | D:3      | Reached XP level 6. HP: 51/51 MP: 5/5
  2292 | D:3      | Found a snail-covered altar of Cheibriados.
  2294 | D:3      | Found a sparkling altar of Nemelex Xobeh.
  2355 | D:3      | Noticed Ijyb
  2361 | D:3      | Paralysed by Ijyb for 5 turns
  2373 | D:3      | Killed Ijyb
  2411 | D:3      | Noticed Jessica
  2461 | D:3      | Killed Jessica
  2584 | D:3      | Found a hazy altar of Hepliaklqana.
  3126 | D:4      | Found a staircase to the Ecumenical Temple.
  3162 | Temple   | Entered the Ecumenical Temple
  3216 | Temple   | Became a worshipper of Warmaster Okawaru
  3341 | D:4      | Found a burning altar of Makhleb.
  3341 | D:4      | Found an ornate altar of the Wu Jian Council.
  3344 | D:4      | Found a sacrificial altar of Ru.
  3367 | D:4      | Found Quurphonn's Magic Scroll Shoppe.
  3373 | D:4      | Bought a scroll of identify for 24 gold pieces
  3373 | D:4      | Bought a scroll of identify for 24 gold pieces
  3394 | D:4      | Reached skill level 1 in Maces & Flails
  3394 | D:4      | Reached XP level 7. HP: 38/57 MP: 6/6
  3755 | D:4      | Reached * piety under Okawaru
  4059 | D:5      | Entered Level 5 of the Dungeon
  4168 | D:5      | Reached skill level 5 in Armour
  4171 | D:5      | Reached XP level 8. HP: 31/67 MP: 7/7
  4178 | D:5      | Reached skill level 2 in Maces & Flails
  4564 | D:5      | Reached skill level 5 in Fighting
  5455 | D:6      | Reached ** piety under Okawaru
  5543 | D:6      | Found Dyid's Magic Scroll Shop.
  5547 | D:6      | Bought a scroll of teleportation for 36 gold pieces
  5547 | D:6      | Bought a scroll of enchant weapon for 90 gold pieces
  5750 | D:6      | Reached skill level 5 in Dodging
  5783 | D:6      | Reached skill level 1 in Axes
  6181 | D:6      | Reached skill level 1 in Invocations
  6679 | D:7      | Reached *** piety under Okawaru
  6679 | D:7      | Reached XP level 9. HP: 33/74 MP: 9/9
  6693 | D:7      | Reached skill level 3 in Maces & Flails
  6742 | D:7      | Identified the +4 short sword "Qitor" {speed, rF- Int+8
                  | SInv Stlth+}
  7618 | D:8      | Reached skill level 4 in Maces & Flails
  7819 | D:8      | Reached **** piety under Okawaru
  7833 | D:8      | Reached skill level 1 in Short Blades
  7859 | D:8      | Found an ancient bone altar of Kikubaaqudgha.
  8020 | D:8      | Reached skill level 10 in Long Blades
  8037 | D:8      | Reached skill level 5 in Axes
  8037 | D:8      | Reached skill level 1 in Shields
  8419 | D:8      | Reached XP level 10. HP: 84/84 MP: 11/11
  8482 | D:9      | Reached ***** piety under Okawaru
  8482 | D:9      | Reached skill level 5 in Maces & Flails
  8742 | D:9      | Received a gift from Okawaru
  9211 | D:9      | Received a gift from Okawaru
  9220 | D:9      | Got an iridescent morningstar {god gift}
  9221 | D:9      | Identified the +8 morningstar of Hiloq {antimagic, rN+}
                  | (Okawaru gifted it to you on level 9 of the Dungeon)
  9482 | D:10     | Entered Level 10 of the Dungeon
  9511 | D:10     | Noticed a gargoyle
  9522 | D:10     | Killed a gargoyle
  9774 | D:10     | Reached skill level 6 in Maces & Flails
  9881 | D:10     | Found Fisagg's General Store.
  9892 | D:10     | Bought a +2 ring of protection for 100 gold pieces
 10113 | D:10     | Found a staircase to the Lair.
 10117 | D:10     | Noticed an oklob plant
 10369 | D:10     | Found a staircase to the Orcish Mines.
 10677 | D:10     | Found Ucoopyus's Antique Armour Shoppe.
 10681 | D:10     | Bought a large shield for 112 gold pieces
 10698 | D:10     | Found Duewk's Assorted Antiques.
 10698 | D:10     | Found Ytsoir's Antique Weapon Boutique.
 11747 | Orc:1    | Entered Level 1 of the Orcish Mines
 11747 | Orc:1    | Noticed a stone giant
 11748 | Orc:1    | Noticed Jorgrun
 12615 | D:11     | Reached XP level 11. HP: 34/92 MP: 4/12
 12959 | D:11     | Received a gift from Okawaru
 12959 | D:11     | Reached skill level 7 in Maces & Flails
 13166 | D:12     | Noticed Fannar
 13206 | D:12     | Killed Fannar
 13893 | D:12     | Reached skill level 1 in Stealth
 13919 | D:12     | Noticed a two-headed ogre
 13924 | D:12     | Killed a two-headed ogre
 13924 | D:12     | Reached skill level 8 in Maces & Flails
 13924 | D:12     | Reached skill level 5 in Shields
 13968 | D:12     | Killed an unseen horror
 13979 | D:12     | Received a gift from Okawaru
 13983 | D:12     | Got a slimy plate armour {god gift}
 14011 | D:12     | Identified the +4 plate armour "Mugyf" {rF+ Dex+3} (Okawaru
                  | gifted it to you on level 12 of the Dungeon)
 14289 | D:12     | Reached skill level 5 in Invocations
 14520 | D:12     | Got a transparent ivory amulet
 14545 | D:12     | Got a warped shortbow
 14548 | D:12     | Got an encrusted spear
 14626 | D:12     | Found an ancient bone altar of Kikubaaqudgha.
 14634 | D:12     | Reached skill level 5 in Slings
 14825 | D:10     | Bought a scroll of remove curse for 30 gold pieces
 14829 | D:10     | Identified the cursed +2 spear "Fogomesu" {freeze, rPois
                  | rN+ Dex-2} (You found it on level 12 of the Dungeon)
 15010 | D:10     | Killed an oklob plant
 15033 | Lair:1   | Entered Level 1 of the Lair of Beasts
 15113 | Lair:1   | Noticed an oklob plant
 15295 | Lair:1   | Reached skill level 9 in Maces & Flails
 15991 | Lair:1   | Noticed a six-headed hydra
 15999 | Lair:1   | Killed a six-headed hydra
 15999 | Lair:1   | Reached XP level 12. HP: 73/101 MP: 2/15
 16085 | Lair:1   | Noticed a five-headed hydra
 16092 | Lair:1   | Killed a five-headed hydra
 16333 | Lair:2   | Noticed Sonja
 16607 | Lair:2   | Identified the amulet "Fejeh" {+Rage rElec Str+2 Int+5}
                  | (You found it on level 12 of the Dungeon)
 16708 | Lair:2   | Killed Sonja
 16708 | Lair:2   | Received a gift from Okawaru
 16710 | Lair:2   | Found a frozen archway.
 16739 | Lair:2   | Reached skill level 10 in Maces & Flails
 16970 | Lair:2   | Noticed Gastronok
 16997 | Lair:2   | Killed Gastronok
 17993 | Lair:3   | Found a hole to the Spider Nest.
 18144 | Lair:3   | Reached skill level 11 in Maces & Flails
 18490 | Lair:3   | Found a staircase to the Shoals.
 18647 | Lair:4   | Noticed a seven-headed hydra
 18992 | Lair:4   | Killed a seven-headed hydra
 19025 | Lair:4   | Reached ****** piety under Okawaru
 19224 | Lair:4   | Received a gift from Okawaru
 19245 | Lair:4   | Reached XP level 13. HP: 105/110 MP: 16/16
 19272 | Lair:4   | Identified the +9 shortbow of Brutal Revenge {velocity,
                  | rPois rC- Int+2 SInv} (You found it on level 12 of the
                  | Dungeon)
 19375 | Lair:4   | Received a gift from Okawaru
 20408 | Lair:5   | Received a gift from Okawaru
 20449 | Lair:5   | Reached skill level 12 in Maces & Flails
 20493 | Lair:5   | Noticed a dire elephant
 20513 | Lair:5   | Killed a dire elephant
 21272 | Lair:5   | Found a viscous altar of Jiyva.
 21279 | Lair:5   | Found a staircase to the Slime Pits.
 21590 | Lair:6   | Entered Level 6 of the Lair of Beasts
 21599 | Lair:5   | Received a gift from Okawaru
 21771 | Lair:6   | Reached skill level 10 in Armour
 21805 | Lair:6   | Received a gift from Okawaru
 21918 | Lair:6   | Received a gift from Okawaru
 21918 | Lair:6   | Reached skill level 10 in Shields
 22146 | Lair:6   | Noticed a dire elephant
 22165 | Lair:6   | Killed a dire elephant
 22486 | Lair:6   | Reached skill level 10 in Fighting
 22499 | Lair:6   | Reached XP level 14. HP: 101/121 MP: 18/18
 22591 | Lair:6   | Received a gift from Okawaru
 22893 | Lair:6   | Got a heavily runed scale mail {god gift}
 22904 | Lair:6   | Identified the +10 scale mail of Omaki {+Fly rC++ Str+4
                  | Dex-5} (Okawaru gifted it to you on level 6 of the Lair of
                  | Beasts)
 23193 | Lair:6   | Found a runed translucent door.
 23194 | Lair:6   | Noticed howech's ghost (journeyman DDFi)
 23539 | Lair:6   | Found a burning altar of Makhleb.
 23653 | Lair:6   | Found a gateway to Hell.
 23991 | Orc:1    | Slain by a stone giant

Levels and vault maps discovered:
D:1:      lightli_arrival_flooded_house, layout_loops_corners
D:2:      cheibrodos_old_hovel, layout_loops_ring,
          nicolae_qazlal_eye_of_the_storm
D:3:      layout_basic, nicolae_overflow_hidden_temple, uniq_grinder, uniq_ijyb,
          uniq_jessica
D:4:      layout_basic, gammafunk_temple_overflow_claw,
          minmay_temple_entry_gardened_gates, serial_shops, kennysheep_mini_moat
D:5:      layout_cave_pods, first_ration
D:6:      layout_basic, serial_shops, nicolae_shop_window_shopping
D:7:      layout_rooms, serial_glass, glass_columns_c, glass_columns_c
D:8:      layout_cave_pools, basic_altar, hangedman_pestilent_swarm
D:9:      layout_cave_pods
D:10:     layout_stronghold, dpeg_oklobed_lair, erik_orc_1, serial_shops, shop,
          shop, nicolae_shop_statue_plus, shop
D:11:     layout_basic
D:12:     layout_roguey, basic_altar, minmay_diamond_spiral, uniq_fannar
Temple:   nicolae_temple_elliptical
Lair:1:   layout_roguey, minivault_23, minmay_lair_oklob_bushes,
          kennysheep_abandoned_house
Lair:2:   layout_regular_city, portal_ice_cave_entry_ice_beasts,
          beast_lair_carwin_6, uniq_sonja, uniq_gastronok
Lair:3:   layout_regular_city, minmay_shoals_entry_hut, spider_nest_entry_webs
Lair:4:   layout_cave_pods
Lair:5:   mu_elephants_graveyard, layout_small_grid, slime_altar_1
Lair:6:   evil_forest, layout_regular_city, serial_rivers,
          chequers_serial_rivers_small_3, chequers_serial_rivers_large_b,
          chequers_serial_rivers_marsh, chequers_serial_rivers_small_a,
          chequers_serial_rivers_small_3, chequers_serial_rivers_small_a,
          gammafunk_ghost_grave, roderic_batcave,
          eino_small_chamber_without_monster
Orc:1:    layout_caves, uniq_jorgrun

Skill      XL: |  1  2  3  4  5  6  7  8  9 10 11 12 13 14 |
---------------+-------------------------------------------+-----
Long Blades    | 4 5 6 7 8 10 | 10.5
Armour         | 3 4 5 6 7 8 9 10 | 10.6
Fighting       | 3 4 5 6 7 8 10 | 10.3
Slings         | 1 2 3 4 5 6 7 |  7.7
Dodging        | 4 5 6 7 8 9 |  9.2
Maces & Flails | 1 2 4 6 9 11 12 | 12.9
Axes           | 2 5 6 |  6.7
Invocations    | 2 3 5 6 7 |  7.7
Short Blades   | 2 3 |  3.2
Shields        | 1 2 5 8 10 11 | 11.0
Stealth        | 1 |  1.2
Throwing       | |  2.6
Evocations     | |  0.7

Action                   |  1- 3 |  4- 6 |  7- 9 | 10-12 | 13-15 || total
-------------------------+-------+-------+-------+-------+-------++-------
Melee: Long sword        |    74 |   123 |   249 |    28 |       ||   474
       Headbutt          |    14 |    18 |   101 |   166 |   167 ||   466
       Battleaxe         |       |       |    30 |       |       ||    30
       Short sword       |       |       |    94 |     3 |       ||    97
       Morningstar       |       |       |    20 |   435 |    24 ||   479
       Great sword       |       |       |       |    16 |       ||    16
       Demon whip        |       |       |       |   206 |   477 ||   683
 Fire: Hunting sling     |       |       |    12 |    22 |     7 ||    41
Throw: Throwing net      |       |     4 |     2 |     1 |       ||     7
       Boomerang         |       |       |       |    41 |     4 ||    45
       Dart              |       |       |       |       |    10 ||    10
       Javelin           |       |       |       |       |     6 ||     6
Invok: Heroism           |       |       |       |    12 |     4 ||    16
 Abil: Evoke Invisibilit |       |       |       |       |     1 ||     1
Evoke: Wand              |       |       |     5 |    14 |     2 ||    21
  Use: Scroll            |       |     4 |     6 |    30 |     7 ||    47
       Potion            |       |       |     1 |     5 |     4 ||    10
  Eat: Chunk             |     1 |     1 |    11 |     8 |     4 ||    25
       Ration            |     1 |     1 |     2 |     8 |     4 ||    16
Armor: Leather armour    |    10 |       |       |       |       ||    10
       Chain mail        |    12 |    58 |    71 |       |       ||   141
       Ring mail         |       |       |    74 |    24 |       ||    98
       Plate armour      |       |       |       |   387 |   206 ||   593
       Acid dragon scale |       |       |       |     3 |       ||     3
Dodge: Dodged            |    52 |    60 |   209 |   246 |   127 ||   694
Block: Buckler           |       |       |    11 |    17 |       ||    28
       Large shield      |       |       |       |   503 |   438 ||   941
       Rpst.: Long sword |    10 |    11 |    30 |     6 |       ||    57
       Great sword       |       |       |       |     1 |       ||     1
